 Dungeon Crawl Stone Soup version 0.30-a0-568-g124715a40b (webtiles) character file.

Game seed: 17525581670474252230

319759 stormannn the Politician (level 22, -14/143 (155) HPs)
             Began as a Kobold Monk on Dec 28, 2022.
             Was the Champion of Ru.
             Demolished by a reaper
             ... wielding a +0 scythe of venom
              (45 damage)
             ... in the Vestibule of Hell on Dec 29, 2022.
             The game lasted 04:13:12 (55624 turns).

stormannn the Politician (Kobold Monk)             Turns: 55624, Time: 04:13:13

HP:   -14/143 (155) AC: 14    Str: 18    XL:     22   Next: 44%
MP:   15/22         EV: 37    Int: 17    God:    Ru [******]
Gold: 2094          SH:  5    Dex: 24    Spells: 21/21 levels left

rFire   + + +      SeeInvis +    l - +12 quick blade "Mouvion" {venom, rN+ rCorr Stlth+}
rCold   + + +      Faith    .    (shield unavailable)
rNeg    + . .      Spirit   .    K - +4 skin of Zhor {*Englaciate rC+++ SInv}
rPois   .          Reflect  +    x - +2 hat {Will+}
rElec   +          Harm     +    X - scarf {harm}
rCorr   +          Rampage  +    r - +2 pair of gloves "Hogaprewk" {rElec Dex+5}
Will    ++...                    J - +2 pair of boots {rampage} Stlth *+++++++++
                                 b - amulet of reflection
HPRegen 0.43/turn                (ring unavailable)
MPRegen 0.18/turn                W - ring of the Wizarding Sybil {Contam rF+++ rC+ Int+6 Slay+6}

@: mighty, exhausted, silenced, drained, invisible
A: small, no large weapons, nightstalker 3, missing a hand, hated by all,
inability to train armour, no fire magic, no translocations magic, no
transmutations magic
}: 2/15 runes: barnacled, gossamer
a: Renounce Religion


You were in the Vestibule of Hell.
You worshipped Ru.
Ru was exalted by your worship.
You visited 10 branches of the dungeon, and saw 38 of its levels.
You visited 1 bazaar.
You also visited: Bailey.

You collected 8288 gold pieces.
You spent 6194 gold pieces at shops.

Inventory:

Hand Weapons
 l - the +12 quick blade "Mouvion" (weapon) {venom, rN+ rCorr Stlth+}
   (You acquired it on level 8 of the Dungeon)

   It poisons the flesh of those it strikes.
   rN:        It protects you from negative energy.
   rCorr:     It protects you from acid and corrosion.
   Stlth:     It makes you more stealthy.
 n - a +2 antimagic dagger
Missiles
 c - 2 throwing nets (quivered)
 R - 4 boomerangs of dispersal
Armour
 d - a +0 pair of boots of flying
 i - quicksilver dragon scales
 r - the +2 pair of gloves "Hogaprewk" (worn) {rElec Dex+5}
   (You bought it in a shop in a bazaar)

   Dex:       It affects your dexterity (+5).
   rElec:     It insulates you from electricity.
 x - a +2 hat of willpower (worn)
 J - a +2 pair of boots of rampaging (worn)
 K - the +4 skin of Zhor (worn) {*Englaciate rC+++ SInv}
   (You found it on level 4 of the Shoals)

   It radiates cold, occasionally slowing all nearby creatures who are not
   resistant to cold.
   rC:        It renders you almost immune to cold.
   SInv:      It lets you see invisible.
 X - a scarf of harm (worn)
Jewellery
 b - an amulet of reflection (around neck)
 W - the ring of the Wizarding Sybil (right hand) {Contam rF+++ rC+ Int+6 Slay+6}
   (You bought it in a shop on level 2 of the Shoals)

   [ring of intelligence]

   Int:       It affects your intelligence (+6).
   Slay:      It affects your accuracy & damage with ranged weapons and melee
   (+6).
   rF:        It renders you almost immune to fire.
   rC:        It protects you from cold.
   Contam:    It causes magical contamination when unequipped.
Wands
 g - a wand of light (11)
 o - a wand of digging (13)
 q - a wand of paralysis (17)
 u - a wand of mindburst (19)
 y - a wand of polymorph (7)
 E - a wand of flame (41)
 H - a wand of roots (21)
Scrolls
 f - a scroll of fear
 j - 14 scrolls of identify
 k - 13 scrolls of teleportation
 A - 5 scrolls of amnesia
 D - 3 scrolls of enchant weapon
 G - 5 scrolls of magic mapping
 I - a scroll of brand weapon
 O - 4 scrolls of enchant armour
 V - 2 scrolls of fog
Potions
 h - 2 potions of berserk rage
 p - 4 potions of brilliance
 t - 3 potions of cancellation
 B - 2 potions of mutation
 C - a potion of invisibility
 F - 4 potions of magic
 N - 7 potions of curing
 P - 9 potions of ambrosia
 Q - a potion of attraction
 S - 2 potions of flight
 U - a potion of might
Miscellaneous
 z - a condenser vane
 L - a phial of floods


   Skills:
 + Level 21.3 Fighting
 O Level 27 Short Blades
 * Level 22.8 Dodging
 + Level 25.5 Stealth


You had 21 spell levels left.
You didn't know any spells.
Your spell library contained the following spells:

 Spells                   Type           Power      Damage    Failure   Level
 Magic Dart               Conj           0%         1d3       24%         1
 Necrotise                Necr           0%         1d4       24%         1
 Slow                     Hex            0%         N/A       24%         1
 Ensorcelled Hibernation  Hex/Ice        0%         N/A       34%         2
 Sublimation of Blood     Necr           0%         N/A       34%         2
 Confusing Touch          Hex            0%         N/A       56%         3
 Dazzling Flash           Conj/Hex       0%         N/A       56%         3
 Frozen Ramparts          Ice            0%         1d1       56%         3
 Mephitic Cloud           Conj/Pois/Air  0%         N/A       56%         3
 Ozocubu's Armour         Ice            0%         N/A       56%         3
 Stone Arrow              Conj/Erth      0%         3d7       56%         3
 Swiftness                Air            0%         N/A       56%         3
 Vampiric Draining        Necr           0%         2d6       56%         3
 Anguish                  Hex/Necr       0%         N/A       93%         4
 Cause Fear               Hex            0%         N/A       93%         4
 Fulminant Prism          Conj/Hex       0%         3d5       93%         4
 Borgnjor's Vile Clutch   Necr/Erth      0%         N/A       100%        5
 Freezing Cloud           Conj/Ice/Air   0%         6-21      100%        5
 Lee's Rapid Deconstruct  Erth           0%         3d4*      100%        5
 Metabolic Englaciation   Hex/Ice        0%         N/A       100%        5
 Silence                  Hex/Air        0%         N/A       100%        5
 Enfeeble                 Hex            0%         N/A       100%        7
 Discord                  Hex            0%         N/A       100%        8
 Lehudib's Crystal Spear  Conj/Erth      0%         10d2      100%        8
 Chain Lightning          Conj/Air       0%         N/A       100%        9
 Shatter                  Erth           0%         3d5*      100%        9
 Apportation              Tloc           Unusable   N/A       N/A         1
 Beastly Appendage        Tmut           Unusable   N/A       N/A         1
 Sting                    Tmut/Pois      Unusable   1d3       N/A         1
 Summon Small Mammal      Summ           Unusable   N/A       N/A         1
 Call Imp                 Summ           Unusable   N/A       N/A         2
 Passwall                 Tmut/Erth      Unusable   N/A       N/A         2
 Wereblood                Tmut           Unusable   N/A       N/A         2
 Call Canine Familiar     Summ           Unusable   N/A       N/A         3
 Ignite Poison            Fire/Tmut/Pois Unusable   N/A       N/A         3
 Inner Flame              Hex/Fire       Unusable   N/A       N/A         3
 Kindle Blastsparks       Fire/Tloc/Air  Unusable   2d10      N/A         3
 Portal Projectile        Hex/Tloc       Unusable   N/A       N/A         3
 Spider Form              Tmut/Pois      Unusable   N/A       N/A         3
 Summon Guardian Golem    Hex/Summ       Unusable   N/A       N/A         3
 Tukima's Dance           Hex            Unusable   N/A       N/A         3
 Animate Armour           Summ/Erth      Unusable   N/A       N/A         4
 Animate Dead             Necr           Unusable   N/A       N/A         4
 Ice Form                 Ice/Tmut       Unusable   N/A       N/A         4
 Iskenderun's Mystic Bla  Conj/Tloc      Unusable   2d3       N/A         4
 Passage of Golubria      Tloc           Unusable   N/A       N/A         4
 Sticky Flame             Conj/Fire      Unusable   2d3       N/A         4
 Summon Ice Beast         Ice/Summ       Unusable   N/A       N/A         4
 Blade Hands              Tmut           Unusable   N/A       N/A         5
 Irradiate                Conj/Tmut      Unusable   3d11      N/A         5
 Death Channel            Necr           Unusable   N/A       N/A         6
 Simulacrum               Ice/Necr       Unusable   N/A       N/A         6
 Starburst                Conj/Fire      Unusable   6d3       N/A         6
 Dragon Form              Tmut           Unusable   N/A       N/A         7
 Ignition                 Fire           Unusable   3d3       N/A         8
 Fire Storm               Conj/Fire      Unusable   5d1       N/A         9

Dungeon Overview and Level Annotations

Branches:
Dungeon (15/15)            Temple (1/1) D:7            Lair (5/5) D:10
 Shoals (4/4) Lair:2       Spider (4/4) Lair:2        Slime (1/5) Lair:4
    Orc (2/2) D:10            Elf (3/3) Orc:2        Vaults (0/5) D:13
 Depths (2/4) D:15           Hell (1/1)              Bailey (visited)
    Dis: Hell:1         Geh: Hell:1         Coc: Hell:1         Tar: Hell:1

Altars:
Ashenzari
Cheibriados
Dithmenos
Elyvilon
Gozag
Kikubaaqudgha
Makhleb
Nemelex Xobeh
Okawaru
Qazlal
Ru
Sif Muna
Trog
Uskayaw
Vehumet
Wu Jian
Xom
Zin
The Shining One

Shops:
D:2 [?   D:13 *   Orc:1 [   Orc:2 =[(?   Elf:2 ?   Shoals:2 =[

Portals:
Hell: Depths:1 Depths:2
Pandemonium: Depths:2
Ziggurat: Depths:1

Annotations:
Shoals:1 1 runed translucent door, Newt's ghost, journeyman DsGl
Orc:1 2 transporters, Pooter's ghost, journeyman MiBe
Hell Geryon; Murray


Innate Abilities, Weirdness & Mutations

You are small and have problems with some larger weapons.
You are completely attuned to the shadows.
You are missing a hand.
You are hated by all.
You cannot train Armour skill.
You cannot study or cast Fire magic.
You cannot study or cast Translocations magic.
You cannot study or cast Transmutations magic.


Message History

Your body is wracked with pain!
* * * LOW HITPOINT WARNING * * *
The hell knight convulses!
The hell beast completely misses you. x2
Magic scrolls do not work when you're silenced!
Okay, then.
You block the sixfirhy's attack. x2
You redirect the sixfirhy's attack!
The sixfirhy barely misses the hell knight.
Geryon misses you. The reaper misses you.
A necromancer comes into view. It is wielding a +0 dagger.
The reaper completely misses you.
Geryon tail-slaps you but does no damage.
The vampire is stunned by your conviction and fails to attack.
You puncture Geryon!
Geryon is poisoned.
Geryon is heavily wounded.
You impale Geryon!!
Geryon looks as sick as possible!
Geryon is heavily wounded.
You hit Geryon.
Geryon looks as sick as possible!
Geryon is heavily wounded.
The reaper completely misses you.
You redirect the cacodemon's attack!
The cacodemon is stunned by your conviction and fails to attack.
Murray rattles his jaw.
The hell beast begins absorbing vital energies!
The vampire begins absorbing vital energies!
The six-headed hydra skeleton begins absorbing vital energies!
Murray begins absorbing vital energies!
The spectral juggernaut begins absorbing vital energies!
The hell knight begins absorbing vital energies!
The cacodemon begins absorbing vital energies!
The sixfirhy begins absorbing vital energies!
The sun demon begins absorbing vital energies!
You feel very mighty all of a sudden. The vampire misses you.
The vampire completely misses you.
A harpy simulacrum comes into view.
Geryon closely misses you.
An orange demon comes into view.
You block the cacodemon's attack. The cacodemon closely misses you.
The reaper hits you from afar with a +0 scythe of venom!!!
You die...

.##4. ..##.
#....)....#
.#...#.#...#.
#.....2&...p#
...#).p2@#..
#..)3∩Z2V...#
.).#.[.∩Z#..Z
#...Z3.)....#
.#)..#.#z..#.
#.........#
p.##.....##
.. .#.#.


You could see Geryon (extremely poisoned, slow), Murray (black mark, slow), a
cacodemon (black mark, unsilenced), a hell beast (summoned, black mark, unable
to see you), a reaper, a hell knight (black mark, unable to see you), a sun
demon (wandering, black mark, unable to see you), an orange demon (wandering,
unable to see you), a spectral juggernaut (summoned, black mark), a necromancer
(wandering, unable to see you), a sixfirhy (black mark, unable to see you), a
vampire (summoned, black mark), a harpy simulacrum (wandering, unable to see
you), an anaconda skeleton (summoned, wandering, unable to see you) and a
six-headed hydra skeleton (summoned, black mark, unable to see you).

Vanquished Creatures
  Mara (Shoals:3)
  Arachne (Spider:2)
  Rupert (Orc:2)
  A titan (Shoals:1)
  A walking frostbound tome (Depths:2)
  2 deep elf master archers (Elf:3)
  2 deep elf blademasters (Elf:3)
  3 sphinxes
  3 acid blobs
  Kirke (Lair:4)
  A kraken (Shoals:1)
  Ilsuiw (Shoals:3)
  Donald (Spider:2)
  2 frost giants
  An iron dragon (Depths:1)
  4 fire giants
  4 deep elf sorcerers
  A fire giant (shapeshifter) (Elf:3)
  5 ghost moths
  4 emperor scorpions
  A cacodemon (Depths:2)
  A balrug (Depths:1)
  3 deep elf elementalists (Elf:3)
  4 broodmothers
  2 orc warlords
  A reaper (Hell)
  11 stone giants
  17 very ugly things
  2 vampire knights (Depths:2)
  5 deep elf demonologists (Elf:3)
  A dire elephant (shapeshifter) (Depths:1)
  6 deep elf annihilators
  A dire elephant (Spider:4)
  2 spark wasps
  2 minotaurs (Shoals:4)
  Snorg (Orc:1)
  4 merfolk javelineers
  Josephine (Lair:3)
  5 merfolk impalers
  An ettin (Depths:1)
  A green death (Hell)
  5 fire dragons (Depths:2)
  5 deep elf death magi (Elf:3)
  2 deep elf high priests (Elf:3)
  7 hydras
  3 rakshasas
  4 vault guards (D:13)
  4 entropy weavers
  2 ogre magi (D:15)
  A spriggan air mage (Depths:1)
  4 merfolk avatars
  2 alligator snapping turtles (Shoals:4)
  3 centaur warriors
  5 catoblepae
  3 radroaches
  4 two-headed ogres
  9 boulder beetles
  9 satyrs
  6 tengu warriors
  10 dancing weapons
  3 deep troll shamans
  3 vampire magi (Depths:2)
  4 merfolk aquamancers
  An orc high priest (Orc:2)
  11 death yaks
  3 spriggan berserkers (Depths:2)
  8 hell knights
  2 deep troll earth magi (D:15)
  A storm dragon zombie (Depths:1)
  Sonja (Orc:2)
  A titan skeleton (Depths:1)
  15 deep elf knights
  3 sun moths
  4 skeletal warriors (D:13)
  2 sun demons (Depths:1)
  5 steelbarb worms
  7 orb spiders
  5 pharaoh ants
  8 sea snakes
  3 deep trolls (D:15)
  A glowing orange brain (D:15)
  3 iron trolls
  12 deep elf archers
  A flayed ghost (Depths:2)
  2 lindwurms
  20 deep elf zephyrmancers
  2 wizards (Elf:1)
  3 orc knights
  6 necromancers
  29 deep elf pyromancers
  3 orc sorcerers
  34 harpies
  24 ugly things
  20 cyclopes
  18 wolf spiders
  3 moths of wrath
  17 manticores
  A tengu skeleton (Depths:1)
  36 fauns
  11 merfolk sirens
  5 black mambas
  2 rust devils
  11 elephants
  5 water nymphs
  3 gargoyles
  6 torpor snails
  5 cane toads
  An eye of devastation (Lair:4)
  Maggie (D:8)
  5 komodo dragons
  8 demonic crawlers
  A rime drake (shapeshifter) (Elf:1)
  3 freezing wraiths
  An unseen horror (D:11)
  A rime drake (Lair:4)
  3 kobold demonologists (D:12)
  2 red devils (Depths:2)
  8 trolls
  5 wind drakes
  A spriggan skeleton (Depths:1)
  A polar bear (Lair:5)
  16 merfolk
  22 tarantellas
  A wind drake (shapeshifter) (D:13)
  Prince Ribbit (Lair:3)
  17 blink frogs
  10 dream sheep
  4 hornets (Spider:4)
  2 ettin zombies (Depths:1)
  23 slime creatures
  A dream sheep (shapeshifter) (Elf:3)
  A raiju (Spider:4)
  8 snapping turtles
  14 jumping spiders
  16 culicivoras
  A centaur simulacrum (D:14)
  28 water elementals
  A spriggan (shapeshifter) (Elf:1)
  2 air elementals (Elf:3)
  2 shadows
  8 spriggans (Lair:1)
  A vampire (D:11)
  12 wraiths
  3 wyverns
  3 hogs (Lair:4)
  A human (shapeshifter) (D:15)
  35 yaks
  4 vampire mosquitoes (D:13)
  3 basilisks
  6 fire elementals
  65 redbacks
  A chaos spawn (Depths:2)
  A steam dragon (D:9)
  5 wargs
  3 acid dragons
  11 water moccasins
  2 floating eyes (shapeshifter)
  3 floating eyes
  4 ice beasts
  A swamp drake (D:10)
  42 orc warriors
  2 black bears
  6 ogres
  16 wolves
  A boggart (Elf:1)
  8 centaurs
  A phantom (D:7)
  11 kobold brigands
  16 bullfrogs
  A necrophage (D:5)
  2 scorpions
  9 earth elementals
  9 wights
  An electric eel (Lair:2)
  2 hounds (D:4)
  6 jellies
  2 gnoll boudas
  19 orc priests
  8 iguanas
  36 orc wizards
  6 hell rats (Lair:3)
  13 gnolls
  9 adders
  3 dart slugs
  113 orcs
  9 ball pythons
  2 bats
  6 endoplasms
  4 giant cockroaches
  4 goblins
  13 hobgoblins
  2 jackals (D:1)
  6 quokkas
  2 frilled lizards (D:1)
  30 kobolds
  11 rats
  A bush (Lair:5)
1388 creatures vanquished.

Vanquished Creatures (collateral kills)
  A two-headed ogre (D:9)
  2 orc wizards (D:9)
  2 orcs (D:9)
5 creatures vanquished.

Vanquished Creatures (others)
  A storm dragon (Depths:2)
  A rockslime (Lair:4)
  A fire giant (Depths:2)
  An emperor scorpion (Spider:4)
  A dire elephant (Spider:4)
  A two-headed ogre (D:15)
  A satyr (Shoals:4)
  A death yak (Lair:4)
  A skeletal warrior (D:13)
  A wizard (Depths:2)
  A harpy (Shoals:2)
  A tarantella (Spider:4)
  A jumping spider (Spider:4)
  An orc (Orc:2)
  A bush (Lair:5)
  27 fungi
  110 plants
  4 tentacles (Shoals:1)
156 creatures vanquished.

Grand Total: 1549 creatures vanquished

Notes
Turn   | Place    | Note
-------+----------+-------------------------------------------
     0 | D:1      | stormannn the Kobold Monk began the quest for the Orb.
     0 | D:1      | Reached XP level 1. HP: 14/14 MP: 1/1
    40 | D:1      | Reached XP level 2. HP: 19/19 MP: 2/2
   103 | D:1      | Found a faded altar of an unknown god.
   496 | D:1      | Reached XP level 3. HP: 23/23 MP: 3/3
   859 | D:1      | Identified a scroll of acquirement
   859 | D:1      | Acquired 1045 gold pieces
  1386 | D:2      | Found Otahaku's Magic Scroll Shoppe.
  1407 | D:2      | Found Cam Ruru's Armour Shoppe.
  1447 | D:2      | Reached XP level 4. HP: 29/29 MP: 4/4
  2410 | D:3      | Reached XP level 5. HP: 33/33 MP: 5/5
  2425 | D:3      | Reached skill level 5 in Stealth
  2977 | D:4      | Reached skill level 5 in Short Blades
  3014 | D:4      | Reached XP level 6. HP: 38/38 MP: 6/6
  3136 | D:4      | Found a white marble altar of Elyvilon.
  3386 | D:4      | Reached skill level 5 in Dodging
  3562 | D:4      | Found a large runed translucent door.
  3565 | D:4      | Found a large runed translucent door.
  3624 | D:4      | Found a broken altar of Ashenzari.
  3647 | D:4      | Found a basalt altar of Yredelemnul.
  3693 | D:5      | Entered Level 5 of the Dungeon
  3953 | D:4      | Reached XP level 7. HP: 28/44 MP: 7/7
  4151 | D:5      | Found a stormy altar of Qazlal.
  4691 | D:5      | Reached skill level 5 in Fighting
  4858 | D:5      | Reached skill level 6 in Short Blades
  5258 | D:5      | Reached XP level 8. HP: 40/49 MP: 8/8
  5889 | D:6      | Noticed a +0 dagger
  5889 | D:6      | Noticed a +0 spear
  5890 | D:6      | Noticed a +0 falchion
  5890 | D:6      | Noticed a +0 short sword
  5891 | D:6      | Noticed a +0 dagger
  5891 | D:6      | Noticed a +0 short sword
  5891 | D:6      | Noticed a +0 falchion
  6282 | D:6      | Reached skill level 7 in Short Blades
  6320 | D:6      | Reached XP level 9. HP: 55/55 MP: 9/9
  6553 | D:6      | Found a hide-covered altar of Uskayaw.
  6558 | D:6      | Noticed a +0 spear
  6562 | D:6      | Reached skill level 10 in Stealth
  7140 | D:7      | Found a staircase to the Ecumenical Temple.
  7146 | Temple   | Entered the Ecumenical Temple
  7318 | Temple   | Became a worshipper of Ru the Awakened
  7334 | Temple   | Gained mutation: You are missing a hand. [Ru sacrifice]
  7334 | Temple   | Reached * piety under Ru
  7334 | Temple   | Reached ** piety under Ru
  7334 | Temple   | Reached *** piety under Ru
  8208 | D:7      | Found a shadowy altar of Dithmenos.
  8676 | D:8      | Noticed Maggie
  8709 | D:8      | Killed Maggie
  8710 | D:8      | Reached skill level 8 in Short Blades
  8821 | D:8      | Found a flagged portal.
  8828 | Bailey   | Entered a bailey
  9173 | Bailey   | Reached XP level 10. HP: 63/63 MP: 10/10
  9214 | Bailey   | Found an iron altar of Okawaru.
  9286 | D:8      | Acquired the +12 quick blade "Mouvion" {venom, rN+ rCorr
                  | Stlth+}
  9401 | D:8      | Reached skill level 9 in Short Blades
  9633 | D:8      | Acquired the ring "Rimpovusch" {rC+ rN+}
  9819 | D:8      | Identified the +10 dagger of Misery {freeze, rElec}
 10138 | D:9      | Noticed a two-headed ogre
 10165 | D:9      | Killed a two-headed ogre
 10312 | D:9      | Reached XP level 11. HP: 69/69 MP: 11/11
 10318 | D:9      | Reached skill level 10 in Short Blades
 10327 | D:9      | Found a sparkling altar of Nemelex Xobeh.
 10565 | D:9      | Found a shimmering blue altar of Sif Muna.
 10714 | D:10     | Entered Level 10 of the Dungeon
 10732 | D:10     | Noticed a two-headed ogre
 10734 | D:10     | Killed a two-headed ogre
 10752 | D:10     | Found a staircase to the Lair.
 10763 | D:10     | Identified the +2 robe of Lettujim {rN+}
 11065 | D:10     | Identified the +1 chain mail "Guhechuw" {Will- Int+8 Dex+3}
 11085 | D:10     | Reached skill level 15 in Stealth
 11505 | D:10     | Reached skill level 10 in Dodging
 11724 | D:10     | Reached skill level 11 in Short Blades
 11746 | D:10     | Found a staircase to the Orcish Mines.
 12074 | D:11     | Noticed a cyclops
 12229 | D:11     | Noticed a cyclops
 12450 | D:11     | Killed a cyclops
 12512 | D:11     | Killed a cyclops
 12593 | D:11     | Reached XP level 12. HP: 44/76 MP: 12/12
 13682 | D:12     | Noticed a tengu warrior
 13685 | D:12     | Killed a tengu warrior
 13686 | D:12     | Reached skill level 10 in Fighting
 14012 | D:12     | Noticed a two-headed ogre
 14016 | D:12     | Killed a two-headed ogre
 14017 | D:12     | Reached skill level 12 in Short Blades
 14463 | Orc:1    | Entered Level 1 of the Orcish Mines
 14496 | Orc:1    | Noticed an orc warlord
 14846 | D:10     | Acquired an amulet of reflection
 15198 | Orc:1    | Killed an orc warlord
 15467 | Orc:1    | Found a transporter.
 15469 | Orc:1    | Noticed Pooter's ghost (journeyman MiBe)
 15484 | Orc:1    | Found a transporter.
 15594 | Orc:1    | Found Voelip's Antique Armour Boutique.
 15598 | Orc:1    | Noticed Snorg
 15603 | Orc:1    | Killed Snorg
 15616 | Orc:1    | Reached XP level 13. HP: 83/83 MP: 13/13
 15828 | Lair:1   | Entered Level 1 of the Lair of Beasts
 15995 | Lair:1   | Identified the +2 leather armour "Jasewk" {rC+}
 16817 | Lair:2   | Reached skill level 13 in Short Blades
 16955 | Lair:2   | Found a hole to the Spider Nest.
 17016 | Lair:2   | Found a glowing silver altar of Zin.
 17635 | Lair:2   | Found a staircase to the Shoals.
 18082 | Lair:2   | HP: 2/85 [death yak (17)]
 18388 | Lair:2   | Reached XP level 14. HP: 69/91 MP: 14/14
 18460 | Lair:3   | Reached skill level 14 in Short Blades
 18577 | Lair:3   | Noticed Josephine
 18581 | Lair:3   | Killed Josephine
 18958 | Lair:3   | Noticed Prince Ribbit
 18970 | Lair:3   | Killed Prince Ribbit
 19690 | Lair:4   | Reached skill level 15 in Short Blades
 19758 | Lair:4   | Found a staircase to the Slime Pits.
 19758 | Lair:4   | Found a viscous altar of Jiyva.
 19864 | Lair:4   | Noticed Kirke
 19878 | Lair:4   | Noticed a sphinx
 19895 | Lair:4   | Noticed a sphinx
 19896 | Lair:4   | Killed Kirke
 20027 | Lair:4   | Identified the +7 war axe of Regicide {freeze, Will++}
 20529 | Lair:5   | Entered Level 5 of the Lair of Beasts
 20965 | Lair:5   | Reached skill level 16 in Short Blades
 21195 | Lair:5   | Found an ancient bone altar of Kikubaaqudgha.
 21949 | Lair:5   | Reached XP level 15. HP: 81/98 MP: 15/15
 22174 | Lair:5   | Reached skill level 17 in Short Blades
 22861 | Orc:1    | Bought a runed helmet for 240 gold pieces
 22866 | Orc:1    | Bought a pair of embroidered boots for 240 gold pieces
 23017 | Spider:1 | Entered Level 1 of the Spider Nest
 23970 | Spider:2 | Noticed Arachne
 23974 | Spider:2 | Killed Arachne
 23975 | Spider:2 | Reached skill level 18 in Short Blades
 24006 | Spider:2 | Reached skill level 15 in Dodging
 24213 | Spider:1 | Upgraded the game from 0.30-a0-557-ge2afbf3030 to
                  | 0.30-a0-568-g124715a40b
 24585 | Spider:2 | Noticed Donald
 24588 | Spider:2 | You fall into a shaft and drop 1 floor!
 24642 | Spider:3 | Noticed a broodmother
 24646 | Spider:3 | Killed a broodmother
 25018 | Spider:2 | Reached skill level 19 in Short Blades
 25040 | Spider:2 | Killed Donald
 25486 | Spider:3 | Noticed a broodmother
 25508 | Spider:2 | Reached XP level 16. HP: 91/106 MP: 16/16
 26026 | Spider:3 | Identified the ring "Houcvorr" {Fly rElec rN+ Dex+3}
 26248 | Spider:3 | Noticed an emperor scorpion
 26250 | Spider:3 | Killed an emperor scorpion
 26865 | Spider:4 | Entered Level 4 of the Spider Nest
 27714 | Spider:4 | Reached skill level 20 in Short Blades
 28690 | Spider:4 | Noticed an emperor scorpion
 28723 | Spider:4 | Killed an emperor scorpion
 28945 | Spider:4 | Identified the +4 chain mail "Pixakk" {Dex+4}
 28984 | Spider:4 | Reached skill level 15 in Fighting
 29593 | Spider:4 | Reached XP level 17. HP: 113/113 MP: 17/17
 30214 | Shoals:1 | Entered Level 1 of the Shoals
 30443 | Shoals:1 | Found a runed translucent door.
 30456 | Shoals:1 | Found a shimmering altar of Xom.
 30456 | Shoals:1 | Noticed Newt's ghost (journeyman DsGl)
 30486 | Shoals:1 | Reached skill level 21 in Short Blades
 30681 | Shoals:1 | HP: 2/113 [frost giant/bolt of cold (25)]
 31115 | Orc:2    | Entered Level 2 of the Orcish Mines
 31176 | Orc:2    | Noticed Rupert
 31180 | Orc:2    | Killed Rupert
 31349 | Orc:2    | Found an iron altar of Okawaru.
 31718 | Orc:2    | Noticed Sonja
 31720 | Orc:2    | Killed Sonja
 31752 | Orc:2    | Found Lemuf's Magic Scroll Shop.
 31757 | Orc:2    | Bought a scroll of acquirement for 884 gold pieces
 31757 | Orc:2    | Bought a scroll of acquirement for 884 gold pieces
 31759 | Orc:2    | Acquired 410 gold pieces
 31761 | Orc:2    | Acquired 1283 gold pieces
 32185 | Orc:2    | Found Jovabett's Antique Weapon Shop.
 32185 | Orc:2    | Found Ifaler's Antique Armour Boutique.
 32349 | Orc:2    | Found Quugunupt's Jewellery Shoppe.
 32437 | Orc:2    | Found a staircase to the Elven Halls.
 32633 | Elf:1    | Entered Level 1 of the Elven Halls
 32771 | Elf:1    | Found a flickering gateway to a bazaar.
 32777 | Bazaar   | Entered a bazaar
 32781 | Bazaar   | Found Idum's Assorted Antiques.
 32781 | Bazaar   | Found Guuves Vugo's Jewellery Emporium.
 32787 | Bazaar   | Found Systimor's Antique Weapon Emporium.
 32789 | Bazaar   | Found Ytotan's Armour Shoppe.
 32840 | Bazaar   | Bought the +2 pair of gloves "Hogaprewk" {rElec Dex+5} for
                  | 468 gold pieces
 32856 | Bazaar   | Bought the ring of Vummaik {Fly rF+ Int+2 SInv} for 297
                  | gold pieces
 32864 | Bazaar   | Bought a +2 hat of willpower for 252 gold pieces
 32882 | Bazaar   | Bought a scroll of blinking for 270 gold pieces
 33146 | Elf:1    | Reached skill level 22 in Short Blades
 33679 | Elf:2    | Found Ahifrueq's Magic Scroll Emporium.
 33682 | Elf:2    | Bought a scroll of silence for 133 gold pieces
 33682 | Elf:2    | Bought a scroll of silence for 133 gold pieces
 33682 | Elf:2    | Bought a scroll of teleportation for 42 gold pieces
 33682 | Elf:2    | Bought a scroll of summoning for 133 gold pieces
 33783 | Elf:2    | Reached XP level 18. HP: 43/116 MP: 18/18
 34114 | Elf:2    | Found a runed translucent gate.
 34115 | Elf:2    | Found a runed translucent gate.
 34116 | Elf:2    | Found a runed translucent gate.
 34801 | Elf:2    | Gained mutation: You are hated by all. [Ru sacrifice]
 34801 | Elf:2    | Reached **** piety under Ru
 35414 | Elf:3    | Entered Level 3 of the Elven Halls
 35477 | Elf:3    | Paralysed by an air elemental for 1 turns
 35601 | Elf:3    | Reached skill level 23 in Short Blades
 35756 | Elf:3    | Identified the +2 leather armour of Faewk {+Inv Fly rF-
                  | SInv}
 35952 | Elf:3    | Found Unteuh's Antique Armour Shop.
 36307 | Elf:3    | Noticed a deep elf blademaster
 36337 | Elf:3    | Killed a deep elf blademaster
 36343 | Elf:3    | Noticed an Ice Fiend
 36518 | Elf:3    | Noticed an acid blob
 36521 | Elf:3    | an acid blob changed into an alligator snapping turtle
 36636 | Elf:3    | Identified the +8 glaive of Semam {heavy, +Blink rCorr
                  | Str+6 Int-5}
 36636 | Elf:3    | Noticed a deep elf master archer
 36642 | Elf:3    | Killed a deep elf master archer
 36857 | Elf:3    | Noticed a deep elf blademaster
 36864 | Elf:3    | Noticed a deep elf master archer
 36899 | Elf:3    | Killed a deep elf blademaster
 36917 | Elf:3    | Killed a deep elf master archer
 37341 | Elf:3    | Reached XP level 19. HP: 127/127 MP: 19/19
 37361 | Elf:3    | Identified the +0 pair of boots "Duasairch" {rC+ Int+5}
 37364 | Elf:3    | Identified the +1 chain mail of Vuoxzown {rPois}
 37375 | Elf:3    | Identified the +9 longbow "Ucamuu" {freeze, Int+4 Dex+4}
 37396 | Elf:3    | Identified the +6 hand crossbow of Welfare {flame, rF+}
 37468 | Elf:3    | Found the +27 heavy crossbow "Sniper" {heavy, Acc+∞ SInv}
 37858 | Orc:1    | Bought a jewelled leather armour for 224 gold pieces
 37858 | Orc:1    | Identified the +2 leather armour "Ukudixut" {Fly rCorr}
                  | (You bought it in a shop on level 1 of the Orcish Mines)
 37860 | Orc:1    | Bought a pair of glowing boots for 240 gold pieces
 38658 | Spider:4 | Reached skill level 24 in Short Blades
 39013 | Spider:4 | Got a gossamer rune of Zot
 39314 | D:13     | Gained mutation: You cannot study or cast Fire magic. [Ru
                  | sacrifice]
 39314 | D:13     | Gained mutation: You cannot study or cast Transmutations
                  | magic. [Ru sacrifice]
 39314 | D:13     | Gained mutation: You cannot study or cast Translocations
                  | magic. [Ru sacrifice]
 39314 | D:13     | Reached ***** piety under Ru
 39513 | D:13     | Found Ifex's General Store.
 39621 | D:13     | Found a gate to the Vaults.
 41188 | D:14     | Found the ring of the Hare {EV+10}
 41319 | D:15     | Entered Level 15 of the Dungeon
 41847 | D:15     | Gained mutation: You cannot train Armour skill. [Ru
                  | sacrifice]
 41847 | D:15     | Reached ****** piety under Ru
 42250 | D:15     | Found a staircase to the Depths.
 43389 | Shoals:1 | Reached skill level 25 in Short Blades
 43427 | Shoals:1 | Reached XP level 20. HP: 136/136 MP: 20/20
 44742 | Shoals:2 | Found Meocyedegh's One-of-a-Kind Rings.
 44793 | Shoals:2 | Found Tokoyo's Dragon-Slaying Spoils.
 45900 | Shoals:3 | Noticed Ilsuiw
 46237 | Shoals:3 | Killed Ilsuiw
 47129 | Shoals:3 | Acquired 670 gold pieces
 47384 | Shoals:3 | Noticed Mara
 47388 | Shoals:3 | Killed Mara
 47575 | Shoals:4 | Entered Level 4 of the Shoals
 47877 | Shoals:4 | Found the +4 skin of Zhor {*Englaciate rC+++ SInv}
 47879 | Shoals:4 | Reached skill level 26 in Short Blades
 48167 | Shoals:4 | Reached XP level 21. HP: 100/144 MP: 21/21
 48809 | Shoals:4 | Identified the +6 quarterstaff of Poyph {protect, Dex+4}
 48857 | Shoals:4 | Got a barnacled rune of Zot
 49220 | Shoals:2 | Bought the ring of the Wizarding Sybil {Contam rF+++ rC+
                  | Int+6 Slay+6} for 1754 gold pieces
 49869 | Depths:1 | Entered Level 1 of the Depths
 51019 | Depths:1 | Found an ancient bone altar of Kikubaaqudgha.
 51238 | Depths:1 | Found a one-way gateway to a ziggurat.
 52021 | Depths:1 | Reached skill level 27 in Short Blades
 52507 | Depths:1 | Found a gateway to Hell.
 52510 | Depths:1 | Got the Vellum of Doomed Impurities
 52860 | Depths:2 | Found a one-way gate leading to the halls of Pandemonium.
 52880 | Depths:2 | Reached XP level 22. HP: 153/153 MP: 22/22
 53945 | Depths:2 | Identified the +10 war axe "Ynkadd" {distort, Str+4}
 54370 | Slime:1  | Entered Level 1 of the Pits of Slime
 55556 | Hell     | Entered the Vestibule of Hell
 55565 | Hell     | Noticed Geryon
 55613 | Hell     | Noticed Murray
 55624 | Hell     | Demolished by a reaper

Illustrated notes

Levels and vault maps discovered:
D:1:      eino_arrival_tree_alley, layout_basic,
          hellmonk_ecumenical_altar_prayer_group
D:2:      layout_basic, serial_shops, nicolae_shop_crystal, shop,
          minmay_close_crescents
D:3:      layout_basic, amcnicky_mini_corridor_feature
D:4:      minmay_angry_zag, layout_cave_pools, old_standard_altar,
          jmf_multi_god_temple2
D:5:      layout_cave_pools, nicolae_qazlal_scattered_showers,
          minmay_misc_feat_doors
D:6:      layout_loops_cross, nicolae_uskayaw_en_pointe, enter_ossuary_1
D:7:      layout_basic, mainiacjoe_overflow_paths,
          minmay_temple_entry_large_hall
D:8:      layout_loops_cross, enter_bailey_6, uniq_maggie
D:9:      layout_cave_pools, nicolae_overflow_hidden_temple, led_sif_book
D:10:     layout_roguey, dpeg_oklobed_lair, erik_orc_1
D:11:     layout_gridville
D:12:     layout_loops_ring, corexii_hall_statues_x
D:13:     layout_roguey, lightli_vaults_fourway_checkpoint, serial_shops,
          nicolae_take_the_stairs
D:14:     layout_roguey, serial_bayou_shore_b
D:15:     gammafunk_enter_depths_forms, layout_grid_maze,
          chequers_serial_rivers_micro_d, minmay_fractal_squares_gapless_5
Temple:   zaba_magenta_temple
Lair:1:   kb_forest_paths, layout_cellular_growth
Lair:2:   layout_chaotic_city, minmay_shoals_entry_lonely_mermaid,
          dummy_spider_entry, basic_altar, nicolae_lair_lindhole,
          infiniplex_staircase_pool
Lair:3:   layout_cave_pods, uniq_josephine, uniq_prince_ribbit2
Lair:4:   layout_cave_pods, minmay_slime_entry_eyes, uniq_kirke
Lair:5:   grunt_lair_end_beastmaster, layout_small_grid,
          nicolae_quartered_pool_medium, lemuel_altar_in_water2
Shoals:1: cheibrodos_shoals_gigantism, layout_shoals, ebering_ghost_xom
Shoals:2: layout_shoals, nicolae_shop_dragon_depot, nicolae_shoals_seven_spires,
          nicolae_shop_unique_rings, st_cyclops
Shoals:3: layout_shoals, uniq_ilsuiw, uniq_mara
Shoals:4: shoals_end_hellmonk_lost_city
Spider:1: layout_cave_pods
Spider:2: layout_spider_delve, uniq_donald, uniq_arachne
Spider:3: layout_chambers
Spider:4: spider_rune_water, beargit_elvish_explorers
Slime:1:  layout_caves
Orc:1:    layout_caves, serial_shops, nicolae_shop_crystal,
          gammafunk_ghost_berserking_beasts, uniq_snorg
Orc:2:    grunt_orc_community_town_hall, layout_caves,
          grunt_orc_community_big_house_1, grunt_orc_community_big_house_2,
          grunt_orc_community_house_3, grunt_orc_community_house_1,
          grunt_orc_community_house_1, grunt_orc_community_house_2,
          okawaru_metal_pillars_1_2, uniq_rupert, uniq_sonja
Elf:1:    eino_elf_arrival_sip, layout_loops_cross, serial_shops,
          bzr_entry_water, hangedman_elf_disciples, minmay_misc_feat_ornament,
          st_stairs_1
Elf:2:    elven_hall_of_blades_hangedman_original [nicolae_blade_bullseye],
          layout_onion_city, serial_shops, nicolae_stop_n_shop_1,
          amethyst_killhole, uniq_saint_roka, uniq_azrael
Elf:3:    elf_hall, layout_loops_cross, serial_shops, shop,
          minmay_misc_feat_five, dk_noncrumbling_4
Depths:1: layout_cave_shapes, enter_ziggurat_a, lightli_too_deep,
          nicolae_kikubaaqudgha_miasma_corner, chequers_serial_rivers_marsh,
          hangedman_cracks_in_the_wall
Depths:2: nzn_winding_woodlands_three_and_one
          [nzn_winding_woodlands_5x15_longhouse,
          nzn_winding_woodlands_5x15_concentric,
          nzn_winding_woodlands_5x15_jagged,
          nzn_winding_woodlands_center_garden], layout_cave_shapes,
          minmay_staircase_windowed_large, rand_demon_pan_entry_1,
          pf_coc_iceberg, minmay_crystal_water
Hell

Skill      XL: |  1  2  3  4  5  6  7  8  9 10 11 12 13 14 15 16 17 18 19 20 21 22 |
---------------+-------------------------------------------------------------------+-----
Stealth        | 3 4 5 6 7 9 12 14 16 18 20 21 22 23 24 25 | 25.5
Dodging        | 4 5 6 7 9 10 11 12 14 15 16 17 18 19 20 22 | 22.8
Fighting       | 4 5 6 7 8 9 10 11 13 14 15 16 18 19 20 21 | 21.3
Short Blades   | 5 6 7 8 9 11 12 13 16 19 20 22 23 25 26 27 | 27.0

Action                   |  1- 3 |  4- 6 |  7- 9 | 10-12 | 13-15 | 16-18 | 19-21 | 22-24 || total
-------------------------+-------+-------+-------+-------+-------+-------+-------+-------++-------
Melee: Short sword       |    81 |   178 |   151 |       |       |       |       |       ||   410
       Punch             |     1 |     2 |     3 |       |       |       |       |       ||     6
       Dagger            |       |       |   405 |    24 |       |       |       |       ||   429
       Quick blade       |       |       |       |   579 |  1008 |  1702 |  2004 |   247 ||  5540
Throw: Throwing net      |       |       |       |       |       |     1 |       |       ||     1
Invok: Sacrifice a Hand  |       |       |     1 |       |       |       |       |       ||     1
       Reject Sacrifices |       |       |       |     2 |       |     1 |       |       ||     3
       Sacrifice Love    |       |       |       |       |       |     1 |       |       ||     1
       Sacrifice Arcana  |       |       |       |       |       |       |     1 |       ||     1
       Sacrifice Durabil |       |       |       |       |       |       |     1 |       ||     1
       Apocalypse        |       |       |       |       |       |       |       |     1 ||     1
Evoke: Wand              |       |       |       |     4 |       |     5 |       |       ||     9
       Phial of floods   |       |       |       |       |       |     1 |       |       ||     1
       Phantom mirror    |       |       |       |       |       |     1 |       |       ||     1
       Condenser vane    |       |       |       |       |       |     1 |       |       ||     1
  Use: Scroll            |     5 |     6 |     3 |    14 |    18 |     9 |    11 |     3 ||    69
       Potion            |       |     1 |     4 |     5 |     6 |     9 |     6 |     3 ||    34
 Stab: Sleeping          |    15 |    29 |    15 |    52 |   109 |   101 |   110 |    12 ||   443
       Distracted        |       |       |     5 |     5 |    12 |    22 |    42 |     2 ||    88
       Invisible         |       |       |       |     2 |     1 |     5 |     6 |     1 ||    15
       Petrifying        |       |       |       |       |     3 |       |       |       ||     3
       Confused          |       |       |       |       |       |     1 |       |       ||     1
       Paralysed         |       |       |       |       |       |       |     2 |       ||     2
       Fleeing           |       |       |       |       |       |       |     2 |       ||     2
       Petrified         |       |       |       |       |       |       |     1 |       ||     1
Armor: Robe              |     7 |    34 |    76 |    32 |    60 |    89 |    33 |       ||   331
       Skin              |       |       |     6 |       |       |       |       |       ||     6
       Animal skin       |       |       |       |       |       |       |    45 |     5 ||    50
Dodge: Dodged            |    33 |   118 |   280 |   206 |   371 |   622 |   852 |    91 ||  2573
Block: Other             |       |       |       |    11 |    91 |   119 |   153 |    23 ||   397
       Reflection        |       |       |       |       |       |     8 |    12 |       ||    20

Table legend: (Time is in decaauts)
 A = Elapsed time spent in this place.
 B = Non-inter-level travel time spent in this place.
 C = Inter-level travel time spent in this place.
 D = Time resting spent in this place.
 E = Time spent auto-exploring this place.
 F = Levels seen in this place.
 G = Mean time per level.
                   A        B        C        D        E       F      G
               +--------+--------+--------+--------+--------+-----+--------+
         Total |  51579 |  46909 |   4670 |  12000 |  22956 |  40 | 1289.5 |
       Dungeon |  19353 |  17406 |   1947 |   3488 |  10283 |  15 | 1290.2 |
        Temple |    190 |     95 |     95 |      0 |     76 |   1 |  190.0 |
          Lair |   8231 |   7001 |   1230 |   1679 |   4261 |   5 | 1646.2 |
        Shoals |   6021 |   5867 |    154 |   1485 |   2301 |   4 | 1505.2 |
   Spider Nest |   7302 |   6843 |    459 |   2717 |   2649 |   4 | 1825.5 |
    Slime Pits |    242 |    242 |      0 |    202 |      0 |   1 |  242.0 |
  Orcish Mines |   2335 |   2114 |    221 |    383 |   1107 |   2 | 1167.5 |
   Elven Halls |   4723 |   4341 |    382 |   1303 |   1676 |   3 | 1574.3 |
        Depths |   2614 |   2437 |    177 |    650 |    506 |   2 | 1307.0 |
          Hell |     17 |     17 |      0 |      0 |      0 |   1 |   17.0 |
        Bazaar |    121 |    121 |      0 |      0 |     32 |   1 |  121.0 |
        Bailey |    425 |    425 |      0 |     92 |     65 |   1 |  425.0 |
               +--------+--------+--------+--------+--------+-----+--------+

Top non-repeatable levels by time:
    D:15: 2831 daAuts
Spider:4: 2765 daAuts
   Elf:3: 2121 daAuts
  Lair:4: 2066 daAuts
Spider:3: 2015 daAuts
    D:10: 2000 daAuts
Shoals:3: 1775 daAuts
Shoals:2: 1756 daAuts
  Lair:2: 1720 daAuts
    D:11: 1690 daAuts
  Lair:1: 1654 daAuts
   Elf:2: 1560 daAuts
  Lair:5: 1552 daAuts
Shoals:1: 1523 daAuts
     D:4: 1479 daAuts
